 Dungeon Crawl Stone Soup version 0.24-a0-489-g1c7b743 (webtiles) character file.

Game seed: 9891429397771602029

333804 LinksRevenge the Warrior (level 20, -21/182 HPs)
             Began as a Minotaur Gladiator on July 10, 2019.
             Was the Champion of Okawaru.
             Killed by the air
             ... invoked by a titan
              (27 damage)
             ... on level 5 of the Vaults on July 11, 2019.
             The game lasted 02:17:26 (38149 turns).

LinksRevenge the Warrior (Minotaur Gladiator)      Turns: 38149, Time: 02:17:27

Health: -21/182    AC: 35    Str: 33    XL:     20   Next: 92%
Magic:  27/27      EV: 25    Int:  5    God:    Okawaru [******]
Gold:   3283       SH: 21    Dex: 19    Spells: 19/19 levels left

rFire    + + +     SeeInvis .   m - +5 demon blade of Gytiett {flame, rF+ Str+2 Dex+3}
rCold    + . .     Gourm    .   A - +2 shield {AC+3}
rNeg     . . .     Faith    .   D - +1 plate armour of Valour {Regen+ Str+3 Dex+4}
rPois    .         Spirit   .   N - +2 hat
rElec    +         Reflect  +   j - +2 cloak of Pan-Flutes {rElec rF+ Dex-5}
rCorr    .         Harm     .   F - +3 pair of gauntlets of War {Slay+5}
MR       +....                  Z - +2 pair of boots {Fly}
Stlth    +.........             r - +3 amulet of reflection
HPRegen  0.80/turn              d - ring of Iwuasa Penoe {rF+ rC+ Dex+5 Slay+2}
MPRegen  0.20/turn              P - +5 ring of evasion

@: flying, very slightly contaminated
A: retaliatory headbutt, hooves 1, horns 2
}: 2/15 runes: barnacled, gossamer
a: Heroism, Finesse, Renounce Religion, Stop Flying


You were on level 5 of the Vaults.
You worshipped Okawaru.
Okawaru was exalted by your worship.
You were very hungry.

You visited 7 branches of the dungeon, and saw 35 of its levels.
You also visited: Ice Cave and Wizlab.

You collected 3750 gold pieces.
You spent 467 gold pieces at shops.

Inventory:

Hand Weapons
 a - a +5 double sword of flaming
 m - the +5 demon blade of Gytiett (weapon) {flame, rF+ Str+2 Dex+3}
   (Okawaru gifted it to you on level 3 of the Lair of Beasts)

   It has been specially enchanted to burn those struck by it, causing extra
   injury to most foes and up to half again as much damage against particularly
   susceptible opponents.
   Big, fiery blades are also staple armaments of hydra-hunters.
   It affects your strength (+2).
   It affects your dexterity (+3).
   It protects you from fire.
 M - the +3 Elemental Staff {rElec rF++ rC++ MR++ AC+5}
   (You found it in an ice cave)

   It affects your AC (+5).
   It greatly protects you from fire.
   It greatly protects you from cold.
   It insulates you from electricity.
   It affects your resistance to hostile enchantments.
Missiles
 o - 21 boomerangs of dispersal
 K - 97 silver javelins (quivered)
 X - 6 datura-tipped darts
Armour
 j - the +2 cloak of Pan-Flutes (worn) {rElec rF+ Dex-5}
   (You found it on level 2 of the Vaults)

   It affects your dexterity (-5).
   It protects you from fire.
   It insulates you from electricity.
 w - a +2 pair of boots of running
 A - a +2 shield of protection (worn)
 D - the +1 plate armour of Valour (worn) {Regen+ Str+3 Dex+4}
   (You found it in an ice cave)

   It affects your strength (+3).
   It affects your dexterity (+4).
   It increases your rate of regeneration.
 F - the +3 pair of gauntlets of War (worn) {Slay+5}
   (You found it on level 4 of the Shoals)

   It affects your accuracy and damage with ranged weapons and melee attacks
   (+5).
 N - a +2 hat (worn)
 Z - a +2 pair of boots of flying (worn)
Jewellery
 c - an uncursed amulet of rage
 d - the ring of Iwuasa Penoe (left hand) {rF+ rC+ Dex+5 Slay+2}
   (You found it in a wizard's laboratory)

   [ring of dexterity]

   It affects your dexterity (+5).
   It affects your accuracy and damage with ranged weapons and melee attacks
   (+2).
   It protects you from fire.
   It protects you from cold.
 r - a +3 amulet of reflection (around neck)
 E - the ring "Souwupoh" {rPois rN+ Str+2}
   (You bought it in a shop on level 2 of the Orcish Mines)

   [ring of poison resistance]

   It affects your strength (+2).
   It protects you from poison.
   It protects you from negative energy.
 O - the ring of Wasyic {Fire MR+}
   (You found it on level 4 of the Shoals)

   [ring of fire]

   It enhances your fire magic.
   It protects you from fire.
   It makes you vulnerable to cold.
   It affects your resistance to hostile enchantments.
 P - a +5 ring of evasion (right hand)
 S - the ring of a Thousand Princes {+Blink +Fly}
   (You found it on level 1 of the Shoals)

   [ring of flight]

   It lets you fly.
   It lets you blink.
Wands
 y - a wand of polymorph (39)
 I - a wand of digging (7)
 J - a wand of paralysis (24)
 R - a wand of enslavement (10)
 U - a wand of disintegration (22)
 W - a wand of iceblast (42)
 Y - a wand of scattershot (4)
Scrolls
 e - 4 scrolls of fear
 g - 7 scrolls of remove curse
 s - 9 scrolls of identify
 t - 9 scrolls of teleportation
 C - 3 scrolls of fog
 G - a scroll of blinking
 L - 2 scrolls of magic mapping
Potions
 b - 16 potions of curing
 i - 5 potions of invisibility
 k - a potion of resistance
 l - 6 potions of haste
 n - a potion of agility
 q - 6 potions of might
 u - 9 potions of mutation
 x - 2 potions of ambrosia
 z - 4 potions of lignification
 H - 4 potions of magic
 Q - a potion of heal wounds
 T - 3 potions of berserk rage
Miscellaneous
 V - 2 phantom mirrors
Comestibles
 f - 53 rations


   Skills:
 + Level 16.4 Fighting
 - Level 16.0 Long Blades
 - Level 12.0 Staves
 - Level 7.0 Throwing
 + Level 16.3 Armour
 + Level 15.4 Dodging
 + Level 11.8 Stealth
 + Level 16.0 Shields
 + Level 10.8 Invocations
 + Level 11.7 Evocations


You had 19 spell levels left.
You didn't know any spells.
Your spell library contained the following spells:

 Spells                   Type           Power        Failure   Level  Hunger
 Animate Skeleton         Necr           N/A          93%         1    ##.....
 Apportation              Tloc           #.....       93%         1    ##.....
 Confusing Touch          Hex            #.....       93%         1    ##.....
 Corona                   Hex            #......      93%         1    ##.....
 Magic Dart               Conj           #...         93%         1    ##.....
 Summon Butterflies       Summ           #.......     93%         1    ##.....
 Summon Small Mammal      Summ           #...         93%         1    ##.....
 Blink                    Tloc           N/A          98%         2    ###....
 Call Imp                 Summ           #.......     98%         2    ###....
 Ensorcelled Hibernation  Hex/Ice        #.....       98%         2    ###....
 Shroud of Golubria       Chrm/Tloc      #.....       98%         2    ###....
 Slow                     Hex            #.......     98%         2    ###....
 Sublimation of Blood     Necr           #.........   98%         2    ###....
 Call Canine Familiar     Summ           #.......     100%        3    ####...
 Confuse                  Hex            #.......     100%        3    ####...
 Conjure Flame            Conj/Fire      #.......     100%        3    ####...
 Dazzling Spray           Conj/Hex       #.....       100%        3    ####...
 Gell's Gravitas          Tloc           #.........   100%        3    ####...
 Ignite Poison            Fire/Tmut/Pois #.......     100%        3    ####...
 Inner Flame              Hex/Fire       #.......     100%        3    ####...
 Lesser Beckoning         Tloc           #.........   100%        3    ####...
 Mephitic Cloud           Conj/Pois/Air  #.......     100%        3    ####...
 Portal Projectile        Hex/Tloc       #.....       100%        3    ####...
 Spider Form              Tmut/Pois      #.........   100%        3    ####...
 Stone Arrow              Conj/Erth      #.....       100%        3    ####...
 Teleport Other           Tloc           #.......     100%        3    ####...
 Tukima's Dance           Hex            #.......     100%        3    ####...
 Cause Fear               Hex            #.........   100%        4    #####..
 Leda's Liquefaction      Hex/Erth       #.........   100%        4    #####..
 Passage of Golubria      Tloc           N/A          100%        4    #####..
 Petrify                  Tmut/Erth      #.......     100%        4    #####..
 Summon Ice Beast         Ice/Summ       #.......     100%        4    #####..
 Alistair's Intoxication  Tmut/Pois      #.......     100%        5    ######.
 Borgnjor's Vile Clutch   Necr/Erth      #.........   100%        5    ######.
 Irradiate                Conj/Tmut      #.........   100%        5    ######.
 Silence                  Hex/Air        #.........   100%        5    ######.
 Summon Mana Viper        Hex/Summ       #.......     100%        5    ######.
 Yara's Violent Unravell  Hex/Tmut       #.........   100%        5    ######.
 Darkness                 Hex            #.........   100%        6    #######
 Deflect Missiles         Chrm/Air       #.........   100%        6    #######
 Hydra Form               Tmut           #.........   100%        6    #######
 Shadow Creatures         Summ           N/A          100%        6    #######
 Statue Form              Tmut/Erth      #........    100%        6    #######
 Dragon Form              Tmut           #.........   100%        7    #######
 Summon Hydra             Summ           #.........   100%        7    #######
 Discord                  Hex            #.........   100%        8    #######
 Lehudib's Crystal Spear  Conj/Erth      #.........   100%        8    #######
 Shatter                  Erth           #.........   100%        9    #######


Dungeon Overview and Level Annotations

Branches:
Dungeon (13/15)            Temple (1/1) D:4            Lair (6/6) D:11
 Shoals (4/4) Lair:4       Spider (4/4) Lair:2        Slime (0/5) Lair:6
    Orc (2/2) D:9             Elf (0/3) Orc:2        Vaults (5/5) D:13
  Crypt (0/3) Vaults:2

Altars:
Ashenzari
Dithmenos
Elyvilon
Fedhas
Kikubaaqudgha
Makhleb
Okawaru
Qazlal
Ru
Sif Muna
Uskayaw
Vehumet
Xom
Yredelemnul
Zin
The Shining One
Beogh

Shops:
D:7 (   D:8 *   D:9 ([   Orc:2 ==[*   Shoals:4 !}   Vaults:1 (   Vaults:3 %

Annotations:
Lair:4 1 runed translucent door, knot's ghost, journeyman DsBe


Innate Abilities, Weirdness & Mutations

You reflexively headbutt those who attack you in melee.
You have a pair of horns on your head.
You have large cloven feet.


Message History

Press: ? - help, Dir - move target cursor You are very lightly contaminated with residual magic.
As you read the scroll of blinking, it crumbles to dust.
A yaktaur comes into view.
The sentinel's mark upon you fades away.
You are no longer corroded.
Evoke which item? (* to show all) (? for menu, Esc to quit)
Aiming: Iceblast
Press: ? - help, Shift-Dir - straight line, f - entropy weaver
Aim: an entropy weaver The mass of ice explodes!
The iceblast engulfs the entropy weaver!!
The entropy weaver is heavily wounded.
The iceblast engulfs the quicksilver dragon!!
You kill the quicksilver dragon!
Okawaru accepts your kill.
The hippogriff changes into a troll!
The titan waves its arms in wide circles.
The air twists around and violently strikes you in flight!
You die...

### #}%## .##
#/..# ....#
#...## ...##
#....# ....#
#....##....##
#.....##....#
#.....##C...###.
#@.sppc)C..C....
#|...)##p...#.#
#.T...##...%#
#./..##.D..##
#a...##Cp..#
#...##....##
#)$%##....#
#[)##....##
#####....#


You could see 2 titans, a vault warden, 2 vault guards, an entropy weaver, a
yaktaur, a troll shaped shifter and a redback.

Vanquished Creatures
  Frederick (Vaults:4)
  The ghost of Heceot the Severer, an adept DDFi of Makhleb (Vaults:3)
  Jory (Vaults:4)
  Arachne (Spider:2)
  Jorgrun (Spider:3)
  A titan (Vaults:5)
  A lich (Vaults:5)
  A quicksilver dragon (Vaults:5)
  A moon troll (WizLab)
  3 krakens
  A sphinx (Vaults:3)
  7 tentacled starspawn (WizLab)
  The ghost of Mehaosil the Bludgeoner, an adept GrFi of the Shining One (Shoals:1)
  A storm dragon (Vaults:5)
  A tengu reaver (Vaults:5)
  Donald (Spider:2)
  2 shadow dragons (Vaults:5)
  Roxanne (Shoals:3)
  Aizul (Shoals:3)
  A fire giant (Vaults:4)
  3 ghost moths
  12 vault wardens
  6 emperor scorpions
  A cacodemon (WizLab)
  Louise (Shoals:2)
  An orc warlord (Orc:2)
  3 war gargoyles
  17 ironheart preservers
  5 very ugly things (WizLab)
  9 stone giants
  7 entropy weavers
  A deep elf annihilator (Vaults:4)
  2 deep elf demonologists
  2 spark wasps (Spider:4)
  Azrael (Spider:2)
  Snorg (Orc:2)
  An ettin (Vaults:5)
  5 merfolk javelineers (Shoals:4)
  2 blizzard demons (IceCv)
  2 fire dragons
  An ettin (shapeshifter) (Vaults:2)
  12 merfolk impalers
  2 crystal guardians (WizLab)
  7 yaktaur captains
  A great orb of eyes (WizLab)
  7 hydras
  2 rakshasas (Vaults:3)
  An ice dragon (Vaults:1)
  14 vault guards
  3 death knights
  21 two-headed ogres
  4 catoblepae (Lair:6)
  6 merfolk avatars
  6 centaur warriors
  4 merfolk aquamancers
  A dancing weapon (Vaults:3)
  13 death yaks
  7 ogre magi
  A deep troll earth mage (Vaults:1)
  Nergalle (Lair:2)
  Urug (Lair:6)
  2 deep elf knights (Vaults:1)
  A skeletal warrior (D:11)
  2 shadow wraiths (Vaults:2)
  An unseen horror (Vaults:1)
  13 sea snakes
  An orange crystal statue (WizLab)
  4 wizards
  23 deep trolls
  2 kraken simulacra (Shoals:1)
  9 glowing orange brains
  A flayed ghost (Vaults:4)
  A wolf spider zombie (D:13)
  2 harpies (shapeshifter)
  5 deep elf archers
  12 harpies
  8 ironbrand convokers
  2 orc knights
  22 wolf spiders
  A necromancer (Vaults:2)
  4 fauns
  2 oklob plants (Lair:2)
  15 orb spiders
  10 ugly things
  An orc sorcerer (Orc:2)
  18 manticores
  3 deep elf magi
  8 cyclopes
  6 moths of wrath
  5 elephants
  7 merfolk sirens
  3 ice statues (IceCv)
  8 eyes of devastation (WizLab)
  3 water nymphs
  4 black mambas
  2 centaur zombies (D:13)
  12 vault sentinels
  A torpor snail (Spider:2)
  2 rime drakes
  2 centaur skeletons (D:13)
  11 spiny frogs
  33 yaktaurs
  8 freezing wraiths
  7 komodo dragons
  An anaconda simulacrum (IceCv)
  7 demonic crawlers
  9 ice devils (IceCv)
  4 wind drakes
  A polar bear (Lair:4)
  17 jumping spiders
  45 merfolk
  9 trolls
  8 hornets
  A wind drake (shapeshifter) (Vaults:1)
  15 blink frogs
  6 slime creatures (D:12)
  8 hippogriffs
  11 snapping turtles
  13 dream sheep
  36 tarantellas
  50 yaks
  9 water elementals
  A spriggan (shapeshifter) (Vaults:2)
  A shadow (D:12)
  78 redbacks
  12 starcursed masses (WizLab)
  2 wyverns
  A hog (shapeshifter) (D:13)
  A yak (shapeshifter) (Vaults:3)
  Grum (D:10)
  Eustachio (D:4)
  3 dire elephant simulacra (IceCv)
  A golden eye (shapeshifter) (Vaults:4)
  17 golden eyes (WizLab)
  3 basilisks
  3 fire elementals (Spider:2)
  A neqoxec (WizLab)
  A vampire mosquito (D:13)
  3 hungry ghosts (D:11)
  3 wargs (Orc:2)
  An acid dragon (D:12)
  12 water moccasins
  A soldier ant (shapeshifter) (Vaults:3)
  3 harpy simulacra (IceCv)
  An iron troll simulacrum (IceCv)
  3 hell hounds (Spider:2)
  17 porcupines
  20 orc warriors
  2 hydra simulacra (IceCv)
  3 black bears
  2 eyes of draining
  5 ice beasts
  2 necrophages
  An ettin simulacrum (Vaults:3)
  A hornet zombie (D:12)
  6 centaurs
  12 wolves
  2 phantoms
  38 ogres
  4 boggarts (Vaults:3)
  13 crocodiles
  A crocodile (shapeshifter) (Vaults:3)
  A big kobold (D:9)
  14 bullfrogs
  A wyvern skeleton (D:10)
  A scorpion (D:5)
  A water moccasin skeleton (D:12)
  6 killer bees (D:10)
  6 electric eels
  3 wights (D:10)
  A howler monkey (D:6)
  8 crimson imps
  A bullfrog zombie (D:11)
  6 jellies
  16 orc priests
  4 hounds
  3 iguanas
  Jessica (D:2)
  4 bullfrog skeletons
  16 orc wizards
  13 worker ants
  2 hound zombies
  A howler monkey zombie (D:6)
  2 howler monkey skeletons (D:4)
  3 gnolls (D:7)
  7 adders
  2 oozes
  An adder skeleton (D:4)
  2 worms
  A dart slug (D:1)
  8 leopard geckos
  64 orcs
  5 bats
  9 giant cockroaches
  8 goblins
  7 hobgoblins
  6 jackals
  5 quokkas
  8 frilled lizards
  13 kobolds
  7 rats
  A spectral orc (D:4)
  2 plants (Lair:2)
  5 starspawn tentacles (WizLab)
  13 tentacles
1334 creatures vanquished.

Vanquished Creatures (collateral kills)
  A two-headed ogre (Orc:1)
  A troll (Orc:1)
  An ogre (Orc:1)
3 creatures vanquished.

Vanquished Creatures (others)
  A fire giant (Vaults:3)
  An ogre mage (Vaults:2)
  2 satyrs
  5 yaktaurs
  A redback (Spider:3)
  An orc warrior (Orc:2)
  A demonic plant (WizLab)
  8 fungi
  22 plants
  14 starspawn tentacles (WizLab)
  26 tentacles
82 creatures vanquished.

Grand Total: 1419 creatures vanquished

Notes
Turn   | Place    | Note
-------+----------+-------------------------------------------
     0 | D:1      | LinksRevenge the Minotaur Gladiator began the quest for the
                  | Orb.
     0 | D:1      | Reached XP level 1. HP: 18/18 MP: 0/0
     2 | D:1      | Noticed a felid
     2 | D:1      | Noticed a vampire
     4 | D:1      | Noticed a centaur
     4 | D:1      | Noticed an ogre
     6 | D:1      | Noticed a draconian
     8 | D:1      | Noticed a tengu
     8 | D:1      | Noticed a minotaur
    10 | D:1      | Noticed a spriggan
    12 | D:1      | Noticed a demigod
    12 | D:1      | Noticed a demonspawn
    14 | D:1      | Noticed a merfolk
    16 | D:1      | Noticed a ghoul
    16 | D:1      | Noticed a formicid
    18 | D:1      | Noticed a gargoyle
    20 | D:1      | Noticed a naga
    20 | D:1      | Noticed a dwarf
    22 | D:1      | Noticed a halfling
    22 | D:1      | Noticed a troll
    24 | D:1      | Noticed an octopode
    24 | D:1      | Noticed a human
    26 | D:1      | Noticed an elf
    26 | D:1      | Noticed a vine stalker
   392 | D:1      | Reached XP level 2. HP: 24/25 MP: 1/1
   880 | D:1      | Reached skill level 1 in Armour
  1032 | D:2      | Reached XP level 3. HP: 19/30 MP: 2/2
  1149 | D:2      | Noticed Jessica
  1153 | D:2      | Killed Jessica
  1153 | D:2      | Reached skill level 1 in Shields
  1217 | D:2      | Reached XP level 4. HP: 37/38 MP: 3/3
  1783 | D:3      | Reached skill level 5 in Long Blades
  1859 | D:3      | Found a glowing golden altar of the Shining One.
  2169 | D:3      | Reached XP level 5. HP: 41/45 MP: 4/4
  2179 | D:3      | Found a blossoming altar of Fedhas.
  2711 | D:4      | Noticed Eustachio
  2741 | D:4      | Found a staircase to the Ecumenical Temple.
  2756 | D:4      | Killed Eustachio
  2756 | D:4      | Reached skill level 1 in Evocations
  2756 | D:4      | Reached XP level 6. HP: 31/52 MP: 5/5
  2781 | Temple   | Entered the Ecumenical Temple
  2809 | Temple   | Became a worshipper of Warmaster Okawaru
  2931 | D:4      | Found a stormy altar of Qazlal.
  3359 | D:4      | Found a basalt altar of Yredelemnul.
  3591 | D:5      | Entered Level 5 of the Dungeon
  3645 | D:5      | Found a deep blue altar of Sif Muna.
  3652 | D:5      | Reached XP level 7. HP: 57/59 MP: 7/7
  3735 | D:5      | Reached skill level 1 in Invocations
  3929 | D:5      | Reached * piety under Okawaru
  4138 | D:5      | Found a glowing silver altar of Zin.
  4498 | D:6      | Reached skill level 5 in Dodging
  4498 | D:6      | Reached XP level 8. HP: 55/67 MP: 8/8
  4719 | D:6      | Found a shattered altar of Ashenzari.
  4934 | D:6      | Found a hide-covered altar of Uskayaw.
  5407 | D:7      | Reached ** piety under Okawaru
  5432 | D:7      | Reached skill level 5 in Fighting
  5508 | D:7      | Found Utom's Weapon Shoppe.
  6179 | D:8      | Found a radiant altar of Vehumet.
  6291 | D:8      | Found a sacrificial altar of Ru.
  6788 | D:8      | Found a shadowy altar of Dithmenos.
  6806 | D:8      | Reached *** piety under Okawaru
  6869 | D:8      | Found Meckacen's Assorted Antiques.
  6872 | D:8      | Bought a scroll labeled WONLEN PUNKEET for 27 gold pieces
  6872 | D:8      | Bought a scroll labeled RYURANAYFF for 27 gold pieces
  6872 | D:8      | Bought a fuming orange potion for 24 gold pieces
  6914 | D:9      | Found Doxkiras's Armour Shoppe.
  6914 | D:9      | Found a staircase to the Orcish Mines.
  6920 | D:9      | Reached skill level 5 in Armour
  6920 | D:9      | Reached XP level 9. HP: 74/74 MP: 10/10
  7460 | D:9      | Found Ytuicog's Weapon Shoppe.
  7642 | D:9      | Reached skill level 5 in Shields
  7913 | D:9      | Found a shimmering altar of Xom.
  7915 | D:9      | Found an iron altar of Okawaru.
  7915 | D:9      | Found a hide-covered altar of Uskayaw.
  7917 | D:9      | Found an ancient bone altar of Kikubaaqudgha.
  7917 | D:9      | Found a basalt altar of Yredelemnul.
  7917 | D:9      | Found a burning altar of Makhleb.
  8411 | D:10     | Entered Level 10 of the Dungeon
  8584 | D:10     | Received a gift from Okawaru
  8670 | D:10     | Reached **** piety under Okawaru
  8678 | D:10     | Noticed Grum
  8702 | D:10     | Killed Grum
  8936 | D:9      | Upgraded the game from 0.24-a0-487-g57318f2 to
                  | 0.24-a0-489-g1c7b743
  8946 | D:9      | Reached XP level 10. HP: 84/84 MP: 12/12
  9037 | D:10     | Reached skill level 10 in Long Blades
  9040 | D:10     | Reached ***** piety under Okawaru
  9295 | D:10     | Received a gift from Okawaru
  9623 | D:11     | Noticed an eight-headed hydra
  9639 | D:11     | Killed an eight-headed hydra
  9639 | D:11     | Reached skill level 5 in Invocations
  9643 | D:11     | Noticed a two-headed ogre
  9649 | D:11     | Killed a two-headed ogre
  9649 | D:11     | Received a gift from Okawaru
  9697 | D:11     | Noticed a manticore
  9709 | D:11     | Killed a manticore
  9715 | D:11     | Noticed a brown ugly thing
  9730 | D:11     | HP: 2/86 [acid (10)]
 10068 | D:11     | Noticed a death knight
 10074 | D:11     | Noticed a skeletal warrior
 10100 | D:12     | Reached skill level 5 in Evocations
 10147 | D:11     | Reached XP level 11. HP: 8/93 MP: 14/14
 10784 | D:11     | Killed a death knight
 10806 | D:11     | Killed a skeletal warrior
 11269 | D:11     | Killed a brown ugly thing
 11318 | D:11     | Found a staircase to the Lair.
 11495 | Lair:1   | Entered Level 1 of the Lair of Beasts
 11905 | Lair:1   | Reached skill level 1 in Stealth
 12174 | Lair:1   | Noticed an eight-headed hydra
 12259 | Lair:2   | Received a gift from Okawaru
 12863 | Lair:2   | Reached XP level 12. HP: 92/103 MP: 15/15
 12869 | Lair:2   | Found a hole to the Spider Nest.
 12891 | Lair:2   | Reached ****** piety under Okawaru
 13192 | Lair:2   | Noticed Nergalle
 13241 | Lair:2   | Killed Nergalle
 14111 | Lair:3   | Noticed a four-headed hydra
 14132 | Lair:3   | You fall into a shaft and drop 3 floors!
 14132 | Lair:6   | Entered Level 6 of the Lair of Beasts
 14212 | Lair:5   | Noticed a death yak
 14213 | Lair:5   | Noticed an eight-headed hydra
 14214 | Lair:5   | Noticed a death yak
 14230 | Lair:5   | Noticed a death yak
 14231 | Lair:5   | Killed a death yak
 14231 | Lair:5   | Received a gift from Okawaru
 14232 | Lair:5   | Got a faintly glowing falchion {god gift}
 14237 | Lair:5   | Identified the +9 falchion of Abomination {freeze, *Slow
                  | +Rage Int+5 Stlth+} (Okawaru gifted it to you on level 5 of
                  | the Lair of Beasts)
 14443 | Lair:3   | Killed a nine-headed hydra
 14848 | Lair:3   | Received a gift from Okawaru
 14857 | Lair:3   | Got a steaming demon blade {god gift}
 14858 | Lair:3   | Identified the +5 demon blade of Gytiett {flame, rF+ Str+2
                  | Dex+3} (Okawaru gifted it to you on level 3 of the Lair of
                  | Beasts)
 15311 | Lair:4   | Found a runed translucent door.
 15315 | Lair:4   | Noticed a dire elephant
 15315 | Lair:4   | Noticed knot's ghost (journeyman DsBe)
 15398 | Lair:4   | Noticed a five-headed hydra
 15412 | Lair:4   | Killed a one-headed hydra
 15412 | Lair:4   | Reached XP level 13. HP: 104/112 MP: 17/17
 15522 | Lair:4   | Found a staircase to the Shoals.
 16271 | Lair:5   | Received a gift from Okawaru
 16278 | Lair:5   | Reached skill level 10 in Fighting
 16731 | Lair:6   | Received a gift from Okawaru
 16842 | Lair:6   | Reached skill level 10 in Armour
 16900 | Lair:6   | Reached skill level 10 in Dodging
 16913 | Lair:6   | Received a gift from Okawaru
 16913 | Lair:6   | Reached skill level 10 in Shields
 17067 | Lair:6   | Identified the +5 halberd "Suskia" {pain, rPois}
 17067 | Lair:6   | Noticed Urug
 17099 | Lair:6   | Killed Urug
 17099 | Lair:6   | Reached skill level 5 in Stealth
 17236 | Lair:6   | Found a staircase to the Slime Pits.
 17308 | Lair:6   | Reached XP level 14. HP: 102/122 MP: 19/19
 17629 | Lair:6   | Identified a scroll of acquirement
 17987 | Orc:1    | Entered Level 1 of the Orcish Mines
 17997 | Orc:1    | Found a roughly hewn altar of Beogh.
 18173 | Orc:2    | Entered Level 2 of the Orcish Mines
 18618 | Orc:1    | Received a gift from Okawaru
 18692 | Orc:2    | Noticed a stone giant
 19047 | Orc:1    | Killed a stone giant
 19536 | Orc:2    | Found Keolet's Jewellery Boutique.
 19538 | Orc:2    | Found Koas Voa's Jewellery Shop.
 19539 | Orc:2    | Found Zedghecw's Antique Armour Shoppe.
 19554 | Orc:2    | Found Qirooc's Assorted Antiques.
 19579 | Orc:2    | Noticed Snorg
 19596 | Orc:2    | Killed Snorg
 19596 | Orc:2    | Received a gift from Okawaru
 19789 | Orc:2    | Found a staircase to the Elven Halls.
 19893 | Orc:2    | Bought the ring "Souwupoh" {rPois rN+ Str+2} for 389 gold
                  | pieces
 19943 | Orc:2    | Noticed an orc warlord
 19974 | Orc:2    | Killed an orc warlord
 19974 | Orc:2    | Received a gift from Okawaru
 20009 | Orc:2    | Identified a +0 pair of boots of running (Okawaru gifted it
                  | to you on level 2 of the Orcish Mines)
 20635 | Spider:1 | Entered Level 1 of the Spider Nest
 20725 | Spider:1 | Found a frozen archway.
 20748 | IceCv    | Entered an ice cave
 21172 | IceCv    | Reached XP level 15. HP: 65/132 MP: 20/20
 21645 | IceCv    | Found the +3 Elemental Staff {rElec rF++ rC++ MR++ AC+5}
 21960 | IceCv    | Got a spiked plate armour
 21971 | IceCv    | Identified the cursed +1 plate armour of Valour {Regen+
                  | Str+3 Dex+4} (You found it in an ice cave)
 22180 | Spider:1 | Reached skill level 1 in Staves
 22628 | Spider:2 | Received a gift from Okawaru
 22782 | Spider:2 | Noticed Donald
 22793 | Spider:2 | Killed Donald
 22994 | Spider:2 | Noticed Arachne
 23004 | Spider:2 | Killed Arachne
 23114 | Spider:2 | Noticed Azrael
 23132 | Spider:2 | Killed Azrael
 23315 | Spider:2 | Killed a ghost moth
 23315 | Spider:2 | Received a gift from Okawaru
 23755 | Spider:3 | Received a gift from Okawaru
 23983 | Spider:3 | Noticed Jorgrun
 24005 | Spider:3 | Killed Jorgrun
 24020 | Spider:3 | Reached XP level 16. HP: 88/141 MP: 16/22
 24318 | Spider:4 | Entered Level 4 of the Spider Nest
 24906 | Spider:4 | Reached skill level 5 in Staves
 25176 | Spider:4 | Received a gift from Okawaru
 25319 | Spider:4 | Reached skill level 15 in Long Blades
 25469 | Spider:4 | Got a gossamer rune of Zot
 26025 | Shoals:1 | Entered Level 1 of the Shoals
 26110 | Shoals:1 | Noticed a kraken
 26127 | Shoals:1 | Killed a kraken
 26158 | Shoals:1 | Noticed a kraken
 26180 | Shoals:1 | Killed a kraken
 26365 | Shoals:1 | Received a gift from Okawaru
 26523 | Shoals:1 | Found a runed translucent gate.
 26523 | Shoals:1 | Found a runed translucent gate.
 26524 | Shoals:1 | Found a runed translucent gate.
 26524 | Shoals:1 | Noticed Mehaosil's ghost (adept GrFi)
 26954 | Shoals:1 | Killed Mehaosil's ghost
 26980 | Shoals:1 | Got a flickering brass ring
 26981 | Shoals:1 | Identified the ring of a Thousand Princes {+Blink +Fly}
                  | (You found it on level 1 of the Shoals)
 27004 | Shoals:2 | Noticed Louise
 27026 | Shoals:2 | Killed Louise
 27026 | Shoals:2 | Reached XP level 17. HP: 150/150 MP: 16/23
 27084 | Shoals:2 | Reached skill level 5 in Throwing
 27509 | Shoals:2 | Received a gift from Okawaru
 27918 | Shoals:3 | Noticed Aizul
 27942 | Shoals:3 | Killed Aizul
 28436 | Shoals:3 | Noticed Roxanne
 28470 | Shoals:3 | Killed Roxanne
 28730 | Shoals:4 | Entered Level 4 of the Shoals
 28869 | Shoals:4 | Received a gift from Okawaru
 28872 | Shoals:4 | Identified the +7 double sword "Newtbane" {slice, Str+4
                  | Dex+2} (Okawaru gifted it to you on level 4 of the Shoals)
 28892 | Shoals:4 | Found the +3 pair of gauntlets of War {Slay+5}
 29088 | Shoals:4 | Found Xuunwuwe's Gadget Shop.
 29205 | Shoals:4 | Found Xytettiest's Distillery.
 29330 | Shoals:4 | Got a barnacled rune of Zot
 29456 | Shoals:4 | Noticed a kraken
 29478 | Shoals:4 | Received a gift from Okawaru
 29486 | Shoals:4 | Killed a kraken
 29512 | Shoals:4 | Reached XP level 18. HP: 114/160 MP: 24/24
 29750 | Shoals:4 | Got a coiled glass ring
 29751 | Shoals:4 | Identified the ring of Wasyic {Fire MR+} (You found it on
                  | level 4 of the Shoals)
 31201 | D:13     | Found a gate to the Vaults.
 31497 | Vaults:1 | Entered Level 1 of the Vaults
 31501 | Vaults:1 | Found Difale's Weapon Shop.
 31526 | Vaults:1 | Reached skill level 10 in Stealth
 31750 | Vaults:1 | Reached skill level 10 in Evocations
 32078 | Vaults:1 | Received a gift from Okawaru
 32382 | Vaults:1 | Received a gift from Okawaru
 32801 | Vaults:2 | Received a gift from Okawaru
 32850 | Vaults:2 | Reached skill level 10 in Staves
 33057 | Vaults:2 | Reached skill level 15 in Fighting
 33363 | Vaults:2 | Found a staircase to the Crypt.
 33572 | Vaults:2 | Got a steaming cloak
 33573 | Vaults:2 | Identified the +2 cloak of Pan-Flutes {rElec rF+ Dex-5}
                  | (You found it on level 2 of the Vaults)
 33609 | Vaults:2 | Reached XP level 19. HP: 169/170 MP: 25/25
 33618 | Vaults:2 | Identified the +6 scale mail of Insecurity {rF+} (You found
                  | it on level 2 of the Vaults)
 33740 | Vaults:2 | Reached skill level 15 in Armour
 34118 | Vaults:3 | Received a gift from Okawaru
 34252 | Vaults:3 | Found a runed translucent door.
 34252 | Vaults:3 | Found a shimmering altar of Xom.
 34252 | Vaults:3 | Noticed Heceot's ghost (adept DDFi)
 34412 | Vaults:3 | Found Qaiceop's Food Shoppe.
 34981 | Vaults:3 | Reached skill level 15 in Shields
 35286 | Vaults:3 | Killed Heceot's ghost
 35390 | Vaults:4 | Noticed Jory
 35424 | Vaults:4 | Killed Jory
 35436 | Vaults:4 | Received a gift from Okawaru
 35520 | Vaults:4 | Noticed Frederick
 35528 | Vaults:4 | Found a magical portal.
 35533 | WizLab   | Entered Lehudib's Moon Base
 35659 | WizLab   | Received a gift from Okawaru
 35876 | WizLab   | Reached skill level 10 in Invocations
 35899 | WizLab   | Reached XP level 20. HP: 166/180 MP: 27/27
 36009 | WizLab   | Paralysed by accursed screaming for 1 turns
 36013 | WizLab   | Paralysed by accursed screaming for 2 turns
 36087 | WizLab   | Got a sparkling iron ring
 36095 | WizLab   | Identified the ring of Iwuasa Penoe {rF+ rC+ Dex+5 Slay+2}
                  | (You found it in a wizard's laboratory)
 36105 | WizLab   | Gained mutation: You have large cloven feet. [a cacodemon]
 36108 | WizLab   | Paralysed by accursed screaming for 1 turns
 36509 | WizLab   | Found a transporter.
 36510 | WizLab   | Found the +7 mace of Variability {chain chaos}
 36581 | WizLab   | Received a gift from Okawaru
 36585 | WizLab   | Found a transporter.
 36922 | WizLab   | Reached skill level 15 in Dodging
 36981 | WizLab   | Identified Lehudib's Collected Works on the Mountains and
                  | Transformation
 37076 | Vaults:4 | Killed Frederick
 37254 | Vaults:4 | Received a gift from Okawaru
 37981 | Vaults:5 | Entered Level 5 of the Vaults
 37986 | Vaults:4 | Received a gift from Okawaru
 37989 | Vaults:4 | Identified the +4 plate armour of Veten {rElec Str+2}
                  | (Okawaru gifted it to you on level 4 of the Vaults)
 38013 | Vaults:5 | Paralysed by a sphinx for 7 turns
 38057 | Vaults:5 | HP: 7/181 [titan/the air (40)]
 38147 | Vaults:5 | HP: 4/182 [quicksilver dragon/bolt of dispelling energy
                  | (36)]
 38148 | Vaults:5 | Identified the amulet "Molucheq" {RegenMP rPois Dex+3 SInv}
 38149 | Vaults:5 | Killed from afar by a titan

Levels and vault maps discovered:
D:1:      kb_arrival_jail, layout_basic
D:2:      layout_loops_ring, first_ration, uniq_jessica
D:3:      layout_basic, lemuel_crystal_altar, fedhas_ov_isle_minmay
D:4:      layout_loops_corners, lemuel_crystal_altar,
          yredelemnul_forgotten_temple_becter, minmay_temple_entry_glass,
          uniq_eustachio
D:5:      layout_basic, lemuel_round_altar, lemuel_round_altar
D:6:      layout_basic, eat_drink_and_be_merry_uskayaw,
          nicolae_overflow_hidden_temple, kennysheep_generic_room_6
D:7:      layout_rooms, serial_shops, nicolae_shop_waterfront,
          nrook_mini_backslash
D:8:      layout_basic, grunt_dithmenos_shadows, lemuel_round_altar,
          vehumet_crystals, serial_shops, nicolae_shop_behind_doors
D:9:      layout_basic, doesnt_xom_only_xom, orc_david_3, grunt_pizzeria
D:10:     layout_layer_cave, minmay_misc_feat_encased, minmay_fractal_squares_5,
          uniq_grum
D:11:     layout_basic, david_lair_shrubbed
D:12:     layout_basic
D:13:     minmay_the_grid_square_5x5_3x3 [minmay_the_grid_square_5x5_bracketed,
          minmay_the_grid_square_5x5_meh, minmay_the_grid_square_5x5_tri_point,
          minmay_the_grid_square_5x5_comb,
          minmay_the_grid_square_5x5_megaprize_open,
          minmay_the_grid_square_5x5_inner_i, minmay_the_grid_square_5x5_two,
          minmay_the_grid_square_5x5_minibox,
          minmay_the_grid_square_5x5_three_walls], layout_loops_ring,
          david_vaults_5
Temple:   bh_familiar_temple
Lair:1:   layout_hall_layers, grunt_megastairs_4, lemuel_fruit_fields
Lair:2:   layout_chaotic_city, nicolae_spider_entry_orb_guardian, minivault_26,
          beast_lair_carwin_8, serial_bayou_shore_a, serial_bayou_shore_b,
          minmay_lair_oklob_chamber, uniq_nergalle
Lair:3:   layout_roguey, nicolae_lair_grove_arrangements
Lair:4:   layout_regular_city, elwin_shoals_entry_rocks,
          ebering_ghost_inner_flame, serial_bayou_lake_a
Lair:5:   layout_cave_pods
Lair:6:   evilmike_catoblepas_cave, layout_misc_corridors,
          dpeg_slime_entry_corner, grunt_megastairs_2, uniq_urug
Shoals:1: layout_shoals, ebering_ghost_davey_jones, ldierk_geyser
Shoals:2: layout_shoals, uniq_louise
Shoals:3: layout_shoals, nicolae_shoals_circle_sea_wall,
          nicolae_shoals_wave_tunnel, uniq_roxanne, uniq_aizul
Shoals:4: shoals_end_hangedman, layout_shoals, serial_shops,
          nicolae_shop_temple_entry_statues_fountains, shop
Spider:1: layout_spider_delve, portal_ice_cave_entry_pillars_2
Spider:2: layout_chambers, uniq_azrael, uniq_donald, uniq_arachne
Spider:3: layout_spider_delve, uniq_jorgrun
Spider:4: johnstein_spider_rune_arachne_lair
Orc:1:    layout_diamond_mine, basic_altar
Orc:2:    st_orc_open, layout_caves, uniq_snorg
Vaults:1: ontoclasm_vaults_ligature, ontoclasm_vaults_idyll,
          nicolae_vaults_alarming, v_misc_29, nicolae_vaults_big_ls,
          nicolae_vaults_windows_and_doors_thing, vaults_room_glass_cross,
          nicolae_vaults_asterisk, layout_vaults_quadrants, serial_shops,
          nicolae_shop_crystal
Vaults:2: st_lattice, nicolae_vaults_specimen_jars, vaults_mumra_chevron_long,
          ontoclasm_vaults_decontamination, blue_anna_dwarven_crypt,
          vaults_dpeg_doors, v_misc_3, nicolae_vaults_network_periphery,
          v_alt_pattern_1, vaults_mumra_minichess, nicolae_vaults_angled_halls,
          hangedman_vaults_trim, hangedman_vaults_restitches,
          layout_vaults_omnicross
Vaults:3: ebering_vaults_ghost_xom, v_misc_9, hangedman_vaults_slice, v_rooms_2,
          vaults_dpeg_ring, nicolae_vaults_little_squares_3,
          hangedman_vaults_nails, vaults_dpeg_diagonal,
          nicolae_vaults_ninety_degrees, nicolae_vaults_twisting_passages,
          layout_vaults_omnibox, serial_shops, shop
Vaults:4: ontoclasm_vaults_claustrophobia, ontoclasm_vaults_ring_square,
          hangedman_vaults_snaps, v_misc_10, v_misc_10, nicolae_vaults_asterisk,
          vaults_room_fours, nicolae_vaults_what_the_h, v_misc_26,
          layout_vaults_maze_bifur, mu_enter_wizlab_2, uniq_frederick, uniq_jory
Vaults:5

Skill      XL: |  1  2  3  4  5  6  7  8  9 10 11 12 13 14 15 16 17 18 19 20 |
---------------+-------------------------------------------------------------+-----
Long Blades    | 4 5 6 7 8 9 11 12 13 14 15 16 | 16.0
Armour         | 1 2 3 4 5 6 7 8 9 10 11 12 13 14 15 16 | 16.3
Fighting       | 3 4 5 6 7 8 9 10 12 13 14 15 16 | 16.4
Shields        | 1 2 3 4 5 7 8 9 10 11 12 13 14 15 16 | 16.0
Dodging        | 4 5 6 7 8 9 10 11 12 13 14 15 | 15.4
Evocations     | 1 2 3 4 5 6 7 8 9 10 11 | 11.7
Invocations    | 2 3 4 5 6 7 8 10 | 10.8
Stealth        | 1 3 5 6 7 8 9 10 11 | 11.8
Staves         | 4 6 8 10 11 12 | 12.0
Throwing       | 4 6 7 |  7.0

Action                   |  1- 3 |  4- 6 |  7- 9 | 10-12 | 13-15 | 16-18 | 19-21 || total
-------------------------+-------+-------+-------+-------+-------+-------+-------++-------
Melee: Long sword        |    68 |   180 |   334 |       |       |       |       ||   582
       Headbutt          |     9 |    29 |    97 |   142 |   352 |   510 |   322 ||  1461
       Scimitar          |       |       |    51 |   433 |       |       |       ||   484
       Falchion          |       |       |       |    83 |       |       |       ||    83
       Demon blade       |       |       |       |    50 |  1065 |  1354 |   800 ||  3269
Throw: Boomerang         |       |       |       |     1 |       |     1 |       ||     2
       Javelin           |       |       |       |       |       |     2 |       ||     2
Invok: Heroism           |       |       |       |     3 |    11 |     3 |     2 ||    19
       Finesse           |       |       |       |     1 |     5 |     3 |     2 ||    11
Evoke: Wand              |       |       |       |    16 |     2 |       |     2 ||    20
  Use: Scroll            |       |     7 |    12 |     9 |    17 |    15 |    10 ||    70
       Potion            |       |       |       |     3 |     2 |     1 |     4 ||    10
 Stab: Paralysed         |       |       |       |     6 |       |       |       ||     6
       Petrified         |       |       |       |       |     3 |       |       ||     3
       Distracted        |       |       |       |       |     1 |       |       ||     1
       Held in net/web   |       |       |       |       |       |     1 |       ||     1
  Eat: Chunk             |     1 |     8 |    27 |    36 |    10 |    30 |     7 ||   119
       Ration            |       |       |       |       |     3 |       |     2 ||     5
Armor: Scale mail        |     4 |       |       |       |       |       |       ||     4
       Leather armour    |     3 |       |       |       |       |       |       ||     3
       Plate armour      |    28 |    97 |   175 |   168 |   220 |   336 |   153 ||  1177
Dodge: Dodged            |    25 |    63 |   110 |   141 |   494 |   763 |   262 ||  1858
Block: Buckler           |     1 |    26 |    72 |       |    26 |   469 |       ||   594
       Shield            |       |       |    62 |   246 |   555 |   305 |   458 ||  1626
       Reflection        |       |       |       |       |    14 |    76 |    49 ||   139
       Rpst.: Long sword |     9 |    13 |    26 |       |       |       |       ||    48
       Scimitar          |       |       |     2 |    28 |       |       |       ||    30
       Demon blade       |       |       |       |     7 |    79 |   121 |    43 ||   250
       Falchion          |       |       |       |     6 |       |       |       ||     6

Table legend:
 A = Non-vault XP
 B = Vault XP
 C = Vault XP percentage of total XP
 D = Non-vault monster count
 E = Vault monster count
 F = Vault count percentage of total count
                 A         B        C        D         E       F
            +---------+---------+-------+---------+---------+-------
      Total |  263173 |  313838 |  54.4 |     871 |     456 |  34.4
            +---------+---------+-------+---------+---------+-------
        D:1 |      27 |       0 |   0.0 |      17 |       0 |   0.0
        D:2 |      68 |      37 |  35.2 |      29 |       1 |   3.3
        D:3 |      65 |       0 |   0.0 |      24 |       0 |   0.0
        D:4 |     213 |     198 |  48.2 |      17 |       2 |  10.5
        D:5 |     495 |       0 |   0.0 |      13 |       0 |   0.0
        D:6 |     528 |       0 |   0.0 |      13 |       0 |   0.0
        D:7 |     609 |       0 |   0.0 |      15 |       0 |   0.0
        D:8 |     349 |     118 |  25.3 |       6 |       1 |  14.3
        D:9 |     928 |     403 |  30.3 |      26 |       7 |  21.2
       D:10 |    2572 |     827 |  24.3 |      37 |       7 |  15.9
       D:11 |    7697 |     361 |   4.5 |      32 |       1 |   3.0
       D:12 |    4953 |       0 |   0.0 |      36 |       0 |   0.0
       D:13 |    5294 |   10663 |  66.8 |      22 |      21 |  48.8
     Lair:1 |    2644 |     142 |   5.1 |      15 |       1 |   6.2
     Lair:2 |    3976 |    3890 |  49.5 |      20 |      13 |  39.4
     Lair:3 |    8164 |       0 |   0.0 |      33 |       0 |   0.0
     Lair:4 |    3751 |       0 |   0.0 |      16 |       0 |   0.0
     Lair:5 |    7497 |       0 |   0.0 |      23 |       0 |   0.0
     Lair:6 |   13125 |   13689 |  51.1 |      36 |      26 |  41.9
   Shoals:1 |   16754 |    3556 |  17.5 |      33 |       3 |   8.3
   Shoals:2 |   19692 |    1639 |   7.7 |      39 |       1 |   2.5
   Shoals:3 |   10102 |    6666 |  39.8 |      22 |      12 |  35.3
   Shoals:4 |   14596 |   25778 |  63.8 |      31 |      34 |  52.3
   Spider:1 |    9462 |       0 |   0.0 |      18 |       0 |   0.0
   Spider:2 |   17401 |    7719 |  30.7 |      48 |       9 |  15.8
   Spider:3 |   13039 |    2913 |  18.3 |      39 |       1 |   2.5
   Spider:4 |   10398 |   28530 |  73.3 |      35 |      57 |  62.0
      Orc:1 |     458 |   11233 |  96.1 |      10 |      28 |  73.7
      Orc:2 |    6635 |    5472 |  45.2 |      38 |      10 |  20.8
   Vaults:1 |   14783 |   14477 |  49.5 |      27 |      20 |  42.6
   Vaults:2 |   19048 |   28335 |  59.8 |      29 |      35 |  54.7
   Vaults:3 |   28877 |   25442 |  46.8 |      37 |      28 |  43.1
   Vaults:4 |   14298 |   33655 |  70.2 |      19 |      36 |  65.5
   Vaults:5 |    3258 |   26007 |  88.9 |       5 |      17 |  77.3
      IceCv |       0 |    8291 | 100.0 |       0 |      24 | 100.0
     WizLab |    1417 |   53797 |  97.4 |      11 |      61 |  84.7
            +---------+---------+-------+---------+---------+-------
